 Dungeon Crawl Stone Soup version 0.24.0-123-gd5b16e6ec5 (webtiles) character file.

Game seed: 11287176908129182649, levelgen mode: deterministic

85 EXkata the Skirmisher (level 4, 0/35 HPs)
             Began as a Human Wanderer on Dec 30, 2019.
             Slain by a hobgoblin
             ... wielding a +0 mace
              (5 damage)
             ... on level 2 of the Dungeon.
             The game lasted 00:13:04 (1351 turns).

EXkata the Skirmisher (Human Wanderer)              Turns: 1351, Time: 00:13:04

Health: 0/35       AC:  5    Str: 13    XL:     4   Next: 75%
Magic:  5/5        EV: 12    Int: 10    God:
Gold:   33         SH:  0    Dex: 15    Spells: 3/3 levels left

rFire    . . .     SeeInvis .   a - +2 short sword
rCold    + . .     Gourm    .   (no shield)
rNeg     . . .     Faith    .   f - +0 leather armour
rPois    .         Spirit   .   (no helmet)
rElec    .         Reflect  .   (no cloak)
rCorr    .         Harm     .   (no gloves)
MR       .....                  n - +1 pair of boots
Stlth    +.........             (no amulet)
HPRegen  0.11/turn              c - ring of wizardry
MPRegen  0.09/turn              g - ring of protection from cold

@: no status effects
A: no striking features
a: no special abilities


You were on level 2 of the Dungeon.
You were not hungry.

You visited 1 branch of the dungeon, and saw 2 of its levels.

You collected 33 gold pieces.

Inventory:

Hand Weapons
 a - a +2 short sword (weapon)
Armour
 f - a +0 leather armour (worn)
 n - a +1 pair of boots (worn)
Jewellery
 c - a ring of wizardry (left hand)
 g - a ring of protection from cold (right hand)
Scrolls
 h - 2 scrolls of identify
 j - a scroll of amnesia
Potions
 b - a potion of agility {unknown}
 d - a potion of haste {unknown}
 i - a potion of flight
 k - a potion of cancellation
 l - a potion of brilliance {unknown}
 m - a potion of curing {unknown}


   Skills:
 + Level 3.5 Fighting
 - Level 3.3 Short Blades
 + Level 1.4 Armour
 + Level 2.4 Dodging
 - Level 1.0 Unarmed Combat
   Level 2.0 Evocations


You had 3 spell levels left.
You didn't know any spells.
Your spell library was empty.

Dungeon Overview and Level Annotations

Branches:
Dungeon (2/15)

Altars:
Makhleb
Vehumet


Message History

You completely miss the adder. The adder bites you.
You puncture the adder!
The adder is severely wounded.
The adder bites you.
You hit the adder.
You kill the adder!
The hobgoblin throws a stone.
The stone closely misses you. The hobgoblin closely misses you.
The hobgoblin hits you with a +0 mace!
* * * LOW HITPOINT WARNING * * *
You see here an adder corpse.
The hobgoblin blocks your attack. The hobgoblin barely misses you. x2
You puncture the hobgoblin!
You kill the hobgoblin!
The hobgoblin hits you but does no damage.
Things that are here:
a +0 club; a hobgoblin corpse The hobgoblin blocks your attack.
The hobgoblin misses you. The hobgoblin blocks your attack.
The hobgoblin closely misses you.
You closely miss the hobgoblin. The hobgoblin hits you with a +0 mace.
You die...

#.## #.####.##.##.######
#.(# #........[.....)..#
##.# ######.##.##.####)#
#(# #.##.##.# #.# # #(#
#.....>.# #.#
...#.#(##############.####
#.# ........((.((....# #.#
#.# ..w.........####g# #†#
#.# ..##......_.# #@# #.#
##.## . #.........# #.#
#.# ###...##
#.....⌠....###.# #w#
#.......
#..........##...###.#
#.#...##
....._.....##..>.)...#
#.....##
...........##..(.#####
#..#### #.#.## #.. #.#.#
#. #### #.#.# #K #...


You could see a hobgoblin.

Vanquished Creatures
  3 adders (D:2)
  A worm (D:2)
  2 dart slugs (D:1)
  2 leopard geckos (D:2)
  3 orcs (D:2)
  A ball python (D:1)
  6 bats
  A giant cockroach (D:2)
  4 goblins (D:1)
  6 hobgoblins
  2 jackals (D:1)
  2 frilled lizards (D:1)
  10 kobolds
  5 rats
48 creatures vanquished.

Notes
Turn   | Place    | Note
-------+----------+-------------------------------------------
     0 | D:1      | EXkata the Human Wanderer began the quest for the Orb.
     0 | D:1      | EXkata set off with the following items: a +2 short sword,
                  | 2 scrolls of teleportation, a +0 robe, a ration
     0 | D:1      | Reached XP level 1. HP: 18/18 MP: 2/2
   109 | D:1      | Reached XP level 2. HP: 23/24 MP: 3/3
   334 | D:1      | Reached XP level 3. HP: 19/29 MP: 4/4
   712 | D:2      | Noticed an ogre
  1068 | D:2      | Reached XP level 4. HP: 33/35 MP: 5/5
  1116 | D:2      | Reached skill level 1 in Armour
  1174 | D:2      | Found a radiant altar of Vehumet.
  1174 | D:2      | Found a burning altar of Makhleb.
  1351 | D:2      | Slain by a hobgoblin

Levels and vault maps discovered:
D:1:      evilmike_arrival_run_for_it, layout_loops_ring, minmay_cupped
D:2:      layout_loops_ring, grunt_temple_overflow_open

Skill      XL: |  1  2  3  4 |
---------------+-------------+-----
Short Blades   | 3 |  3.3
Armour         | 1 |  1.4
Fighting       | |  3.5
Dodging        | |  2.4
Unarmed Combat | |  1.0
Evocations     | |  2.0

Action                   |  1- 3 |  4- 6 || total
-------------------------+-------+-------++-------
Melee: Short sword       |   109 |    71 ||   180
       Punch             |     1 |       ||     1
  Use: Scroll            |     7 |     1 ||     8
  Eat: Ration            |     1 |       ||     1
Armor: Leather armour    |    43 |    36 ||    79
Dodge: Dodged            |    86 |    42 ||   128
